Wiko, chaotic female elven Wizard --------------- |.............| |..............################# ------ |.............| |.....# |.......>.....| |....|# ---------.-.--- --------- |....|# ##################...`....| |....|# # # |.......| #.....|# ####### ### |.<.....-####|....|# ---.- # # ##........| ------# |...|##[ ## # --------- # |....# ---.- ### # ### |...| |...+######`#############f@F############## ---.- |...| ### ### --.-- # |...| # # |...| |....#### ##....+ ----- |...| |...| ----- Wiko the Evoker Experience level: 1 Strength: 12 Dexterity: 14 Constitution: 12 Intelligence: 16 Wisdom: 10 Charisma: 12 Health: 0(10) Energy: 7(7) Def: 1 Gold: 177 Moves: 983 Dungeon seed: J27jM8k82fHPKFc3 Game ID: Wiko_1675229883 Your Inventory: Weapons d - a blessed +1 quarterstaff (weapon in hands) k - an uncursed +0 orcish dagger Armor e - an uncursed +0 cloak of magic resistance (being worn) n - a cursed -4 pair of gauntlets of fumbling named cursed Comestibles m - an uncursed lichen corpse Scrolls j - a cursed scroll of enchant armor Potions l - an uncursed potion of extra healing Wands b - an uncursed wand of striking (0:8) Tools h - an uncursed blindfold i - an uncursed leather drum Coins $ - 177 gold pieces Spells and supernatural/magical abilities: Name Level Category Cost Memory a - force bolt 1 attack 8pw 99% e - charm monster 3 enchantment 25pw 99% k - knock 1 matter 12pw 99% m - magic missile 2 attack 16pw 99% W - pray for help -- divine ? -- Your skills at the end: Fighting Skills wands [Basic] Weapon Skills quarterstaff [Basic] Spellcasting Skills attack spells [Basic] enchantment spells [Basic] Final Attributes: You were piously aligned. You were immune to sleep. You were magic resistant. You saw invisible. You had infravision. Anhur was noncommittal. You are dead. Vanquished creatures: a coyote a gecko 4 jackals a goblin a sewer rat a lichen 2 newts 11 creatures vanquished. Voluntary challenges: You were an atheist. You used a wielded weapon 10 times, starting on turn 436. You were illiterate. You never genocided any monsters. You never polymorphed an object. You never changed form. You used no wishes. You never split a pudding. You never wrote Elbereth's name. You never violated your personal moral code. Dungeon overview: The Dungeons of Doom: levels 1 to 3 Level 1 a fountain a long staircase Level 2 a fountain Level 3 <- You were here a vault stairs to The Gnomish Mines The Gnomish Mines: Level 4 stairs to The Dungeons of Doom History has recorded: On T:1 you entered the Dungeons of Doom to retrieve the Amulet of Yendor! On T:283 you reached level 2 of The Dungeons of Doom. On T:304 you reached level 3 of The Dungeons of Doom. On T:867 you reached level 1 of The Gnomish Mines. Score breakdown: Gold: 177 ( 7655 points) Experience: 1 level ( 0 points) Exploration: 4 levels ( 7.69%) ( 7276 points) Discoveries: 0 items ( 0.00%) ( 0 points) Valuables value: (no points given unless you survive) Artifact value: 0 ( 0 points) Variety of kills: 7 monsters ( 1.84%) ( 4071 points) Turncount: 983 turns ( 0 points) Survival: died (score multiplied by 80%) Total score: 15201 Latest messages: You stop exploring. You hear some noises in the distance. With great effort you move the boulder. You displace your kitten. You stop exploring. You kill the lichen! There is a doorway here. You see here a lichen corpse. m - a lichen corpse. You displace your kitten. You see here a hooded cloak. You displace your kitten. The kitten picks up a hooded cloak. The kitten drops a hooded cloak. You hear the footsteps of a guard on patrol. You displace your kitten. With great effort you move the boulder. You displace your kitten. You are beginning to feel hungry. You stop exploring. A brown mold blocks your way. You miss the brown mold. (2x) You are suddenly very cold! You die... Final status: Goodbye Wiko the Wizard, killed by a brown mold... You died in The Dungeons of Doom on dungeon level 3 with 15201 points, and 177 pieces of gold, after 983 moves. You were level 1 with a maximum of 10 hit points when you died.